AoeStats
← 13645570128

Arena

509656234Analyzed
1v1 RM · 5d ago on Sep 27, 2026· 27m 37s· 2 players
Game mode
Random Map
Map size
Tiny (2 player)
Population
200
Speed
Normal
Resources
Standard
Victory
Conquest
Starting age
Dark Age
Ending age
Imperial Age
RankedLock teamsTeams togetherTeam positionsShared explorationLock speedFull tech treeHidden civsTurbo modeCheats
Victory
Defeat
🇪🇸 Muisca · Spain
802
+14
🇭🇰 Mongols · Hong Kong SAR China
769
-32
guerras90
10:41 Feudal Age
19:00 Castle Age
16:39 Champi Runner
17:43 Double-Bit Axe
18:59 Horse Collar
20:11 Gold Mining
20:53 Champi Warrior
23:31 Squires
26:04 Scale Mail Armor
26:15 Forging
13645570128
10:04 Feudal Age
10:48 Double-Bit Axe
11:12 Horse Collar
12:17 Gold Mining
13:07 Wheelbarrow
14:30 Wheelbarrow
18:05 Castle Age
20:55 Bow Saw
21:39 Gold Shaft Mining
21:53 Heavy Plow
21:53 Stone Mining
24:12 Hand Cart
25:46 Stone Shaft Mining
30:13 Imperial Age
Connection lost

Rejoining the realm…

Still unreachable

The connection could not be restored.

Session expired

The server has moved on; the page needs a fresh start.